[Event "Titled Tuesday Blitz July 11 Late 2023"]
[White "Leon Oquendo, Jorge"]
[Black "Sviridov, Valery"]
[WhiteFideId "3514803"]
[BlackFideId "4120680"]
[WhiteElo "2592"]
[BlackElo "2964"]
[Result "1/2-1/2"]
[Round "6"]
[TimeControl "180+2"]
[Date "2023.07.11"]
[WhiteClock "0:00:10"]
[BlackClock "0:00:12"]
[Board "30"]

1. d4 Nf6 2. c4 b6 3. Nc3 Bb7 4. Nf3 g6 5. d5 Bg7 6. e4 O-O 7. Bd3 d6 8. O-O e6 9. h3 Nbd7 10. Bf4 e5 11. Bd2 Nh5 12. b4 Nf4 13. Qc2 f5 14. Bxf4 fxe4 15. Nxe4 Rxf4 16. Neg5 Nf8 17. g3 Rf6 18. Be4 Qc8 19. Kg2 Qd7 20. c5 Bc8 21. Rac1 Qe7 22. cxd6 cxd6 23. Qc6 Rb8 24. Qc7 Qxc7 25. Rxc7 h6 26. Rfc1 Bd7 27. Ne6 Rf7 28. Nxf8 Rbxf8 29. R1c3 g5 30. g4 Bb5 31. Rxf7 Rxf7 32. Rc8+ Bf8 33. Bf5 Ba6 34. Rc3 Kg7 35. Nd2 Bb7 36. Be4 Kf6 37. f3 a6 38. Nc4 Rc7 39. Rc2 Be7 40. Nxb6 Rxc2+ 41. Bxc2 Bd8 42. Nc4 Bxd5 43. Nxd6 Bxa2 44. Bd3 Be7 45. Ne4+ Ke6 46. Nc3 Bb3 47. Bxa6 Bxb4 48. Ne4 Be7 49. Kf2 Ba4 50. Ke3 Bc6 51. Bc4+ Kd7 52. Ng3 Bf8 53. Ke2 Ke7 54. Bd3 Kf6 55. Be4 Bd7 56. Bf5 Be8 57. Bd3 Bf7 58. Ne4+ Ke7 59. Ng3 Bd5 60. Be4 Bc4+ 61. Bd3 Be6 62. Bf5 Bd5 63. Bd3 Bb3 64. Nf1 Bd5 65. Ne3 Be6 66. Bc4 Bc8 67. Kd3 Kf6 68. Ke4 Bc5 69. Nd5+ Kg6 70. Kxe5 Bb7 71. Bd3+ Kg7 72. Nc7 Bb6 73. Ne6+ Kf7 74. Be4 Bc8 75. Bd5 Bxe6 76. Bxe6+ Kg7 77. f4 Bc7+ 78. Kf5 Bxf4 79. h4 Be3 80. hxg5 Bxg5 81. Bd5 Bh4 82. Be4 Bg5 83. Bd5 Bh4 84. Be4 Bg5 85. Bd5 1/2-1/2


[Site "https://www.chess.com"]

[Event "Titled Tuesday Blitz July 11 Late 2023"]
[White "Guz, Ari"]
[Black "Zhigalko, Sergei"]
[WhiteFideId "2825759"]
[BlackFideId "13502956"]
[WhiteElo "2583"]
[BlackElo "2881"]
[Result "0-1"]
[Round "6"]
[TimeControl "180+2"]
[Date "2023.07.11"]
[WhiteClock "0:00:19"]
[BlackClock "0:01:05"]
[Board "31"]

1. a3 e5 2. e4 Nf6 3. Nc3 Bc5 4. h3 d5 5. exd5 Nxd5 6. Bc4 Nf4 7. Qf3 Nc6 8. Nge2 O-O 9. O-O Ne6 10. Ne4 Ncd4 11. Nxd4 Nxd4 12. Qd3 Bf5 13. c3 Qh4 14. Re1 Nc2 15. Qxc2 Bxf2+ 16. Kf1 Bxe1 17. d3 Bxe4 18. dxe4 Bg3 19. Be3 b6 20. Kg1 Rad8 21. Rf1 Bf4 22. Bf2 Qg5 23. Bd5 c6 24. Bxc6 Rd2 25. Qb3 Be3 26. Bd5 Qg3 0-1


[Site "https://www.chess.com"]

[Event "Titled Tuesday Blitz July 11 Late 2023"]
[White "Dardha, Daniel"]
[Black "Shohat, Yotam"]
[WhiteFideId "240990"]
[BlackFideId "2813955"]
[WhiteElo "2869"]
[BlackElo "2577"]
[Result "1-0"]
[Round "6"]
[TimeControl "180+2"]
[Date "2023.07.11"]
[WhiteClock "0:00:51"]
[BlackClock "0:00:01"]
[Board "32"]

1. b3 e5 2. Bb2 Nc6 3. e3 d5 4. Bb5 Bd6 5. Nf3 f6 6. c4 a6 7. Ba4 Ne7 8. d4 e4 9. Nfd2 b5 10. cxb5 Nb4 11. O-O O-O 12. Ba3 f5 13. Bxb4 Bxb4 14. f4 Bd7 15. bxa6 Bxa4 16. bxa4 Rxa6 17. a3 Bd6 18. Nc3 Qd7 19. Nb5 Rfa8 20. Nc3 c5 21. Nb3 c4 22. Nc5 Bxc5 23. dxc5 Ra5 24. Qd4 Qc6 25. Rfb1 Qxc5 26. Qxc5 Rxc5 27. Rb5 Rcc8 28. Rd1 Rd8 29. a5 g6 30. Kf2 Kf7 31. Nxd5 Rd7 32. Ke2 Rad8 33. Nc3 Rd3 34. a6 Nc6 35. Rb7+ Ke6 36. Rb6 Kd6 37. Rc1 Kc5 38. Na4+ Kd5 39. Rcb1 Kd6 40. Nb2 Kc7 41. Nxd3 cxd3+ 42. Kd2 Na5 43. R6b4 Kc6 44. Rc1+ Kd5 45. Rd4+ 1-0


[Site "https://www.chess.com"]

[Event "Titled Tuesday Blitz July 11 Late 2023"]
[White "Fiorito, Francisco"]
[Black "Ter-Sahakyan, Samvel"]
[WhiteFideId "180165"]
[BlackFideId "13302531"]
[WhiteElo "2574"]
[BlackElo "2836"]
[Result "1-0"]
[Round "6"]
[TimeControl "180+2"]
[Date "2023.07.11"]
[WhiteClock "0:00:07"]
[BlackClock "0:00:03"]
[Board "33"]

1. Nf3 d5 2. b3 c5 3. e3 Nc6 4. Bb2 a6 5. Be2 Nf6 6. O-O Bg4 7. Ne5 Bxe2 8. Qxe2 Qc7 9. Nxc6 Qxc6 10. d3 g6 11. Nd2 Bg7 12. Nf3 O-O 13. Rfe1 b5 14. Rad1 a5 15. c4 a4 16. Ne5 Qb7 17. Qc2 Rfc8 18. h3 Rc7 19. Rb1 e6 20. Nf3 Rcc8 21. bxa4 b4 22. Bxf6 Bxf6 23. a3 Rcb8 24. axb4 cxb4 25. Nd2 Bc3 26. Rec1 Qc6 27. Rb3 Qxa4 28. Nb1 dxc4 29. dxc4 Bf6 30. c5 Qc6 31. Qc4 Ra4 32. Nd2 Be7 33. Nf3 Ra5 34. Rxb4 Rxb4 35. Qxb4 Rxc5 36. Rxc5 Qxc5 37. Qb8+ Kg7 38. g3 Qc1+ 39. Kg2 Qc6 40. g4 h6 41. Qb2+ Bf6 42. Qb4 Qd5 43. Qf4 g5 44. Qa4 Qb7 45. e4 Qc7 46. Qb4 Qf4 47. Qe1 h5 48. gxh5 g4 49. Ng1 Bh4 50. hxg4 Qxg4+ 51. Kf1 Qxh5 52. Qc3+ Bf6 53. Qg3+ Kf8 54. Nf3 Qh6 55. Qb8+ Kg7 56. e5 Be7 57. Qb2 Bf8 58. Qd4 Qg6 59. Qf4 Be7 60. Qe3 Qf5 61. Nd4 Qg4 62. Ne2 Bg5 63. Qg3 Qxg3 64. fxg3 Kg6 65. Nd4 Be3 66. Nf3 Kf5 67. Ke2 Bc5 68. Kd3 Kg4 69. Ke4 Be7 70. Ng1 Kxg3 71. Ne2+ Kg4 72. Nd4 Bg5 73. Nc6 Kh5 74. Nd4 Kg6 75. Nc6 Bh4 76. Nd4 Bf2 77. Nc6 Bc5 78. Na5 Kg5 79. Nc6 Kg6 80. Nd8 Kg7 81. Nb7 Bb6 82. Nd6 Bc5 83. Nb7 Bb4 84. Nd8 Kf8 85. Nc6 Bc5 86. Nb8 Ke8 87. Na6 Ba3 88. Nc7+ Kd7 89. Nb5 Bc5 90. Nc3 Bb4 91. Nb5 Kc6 92. Nd4+ Kd7 93. Nf3 Be7 94. Nd4 Kc7 95. Nb5+ Kb6 96. Nd4 Kc5 97. Ne2 Kc4 98. Nd4 Kc3 99. Nc6 Bg5 100. Nd4 Kc4 101. Nf3 Be7 102. Nd4 Kc5 103. Nf3 Kc6 104. Nd4+ Kd7 105. Nb5 Bd8 106. Nd6 f5+ 107. Kf4 Bc7 108. Nf7 Ke7 109. Ng5 Ba5 110. Ke3 Bc3 111. Nf3 Bb2 112. Kf4 Kd7 113. Kg5 Ke7 114. Kg6 Bc3 115. Kg5 Bd2+ 116. Nxd2 Kf7 117. Nf3 Kg7 118. Nd4 Kf7 119. Kf4 Ke7 120. Nf3 Kf7 121. Ng5+ Ke7 122. Ke3 Kd7 123. Kd4 Ke7 124. Kc5 Kd7 125. Kb6 Ke7 126. Kc6 f4 127. Kc5 Kd7 128. Kd4 Kc6 129. Ke4 f3 130. Nxf3 1-0


[Site "https://www.chess.com"]

[Event "Titled Tuesday Blitz July 11 Late 2023"]
[White "Troff, Kayden"]
[Black "Srinath, Rao S.V."]
[WhiteFideId "2047896"]
[BlackFideId "5028876"]
[WhiteElo "2803"]
[BlackElo "2556"]
[Result "0-1"]
[Round "6"]
[TimeControl "180+2"]
[Date "2023.07.11"]
[WhiteClock "0:00:07"]
[BlackClock "0:00:31"]
[Board "34"]

1. d4 Nf6 2. Nf3 e6 3. Bf4 b6 4. e3 Bb7 5. Nbd2 c5 6. Nc4 d5 7. Nce5 a6 8. Ng5 Qe7 9. Nexf7 h6 10. Nxh8 hxg5 11. Bxg5 Nbd7 12. c3 O-O-O 13. Ng6 Qf7 14. Nxf8 Rxf8 15. Bh4 Ne4 16. f3 g5 17. Bg3 Nxg3 18. hxg3 e5 19. dxc5 Nxc5 20. b4 Ne6 21. Be2 e4 22. Rc1 Qc7 23. Kf2 Kb8 24. c4 d4 25. exd4 e3+ 26. Kxe3 Qxg3 27. d5 Nf4 28. Kd4 Qf2+ 29. Kc3 Nxe2+ 30. Kb3 Nxc1+ 31. Qxc1 Qxg2 32. Rf1 Rxf3+ 33. Rxf3 Qxf3+ 34. Kb2 Qe2+ 35. Kc3 Qe5+ 36. Kb3 b5 37. cxb5 Bxd5+ 38. Ka3 axb5 39. Qc5 Qg3+ 40. Kb2 Qg2+ 41. Kc1 Qf1+ 42. Kd2 Qf4+ 43. Ke1 Qe5+ 44. Kd2 Qb2+ 45. Ke1 Qa1+ 46. Kd2 Qxa2+ 47. Ke1 Qa1+ 48. Kd2 Qb2+ 49. Ke1 Qe5+ 50. Kd2 Qf4+ 51. Ke1 Qe4+ 52. Kd2 Bc4 53. Qf8+ Kc7 54. Qg7+ Kc6 55. Qf6+ Qe6 56. Qxg5 Qd5+ 57. Qxd5+ Kxd5 58. Kc3 Ke4 59. Kb2 Kd3 60. Ka3 Bd5 61. Kb2 Kc4 62. Ka3 Be6 0-1


[Site "https://www.chess.com"]

[Event "Titled Tuesday Blitz July 11 Late 2023"]
[White "brm72"]
[Black "Tristan, Leonardo"]
[BlackFideId "113816"]
[WhiteElo "2548"]
[BlackElo "2786"]
[Result "0-1"]
[Round "6"]
[TimeControl "180+2"]
[Date "2023.07.11"]
[WhiteClock "0:00:31"]
[BlackClock "0:01:06"]
[Board "35"]

1. e4 d5 2. exd5 Qxd5 3. Nc3 Qa5 4. d4 Nf6 5. Nf3 Bf5 6. Bc4 e6 7. Bd2 Bb4 8. a3 Bxc3 9. Bxc3 Qb6 10. Qe2 O-O 11. O-O-O Nc6 12. Ne5 Rad8 13. Nxc6 Qxc6 14. f3 Nd5 15. Bd2 Bxc2 16. Kxc2 b5 17. Kb1 bxc4 18. Rc1 Nb6 19. Bb4 Rfe8 20. Bc5 Qb5 21. Bxb6 cxb6 22. Qxc4 Qg5 23. Rc2 Qf5 24. Rc1 h5 25. Ka1 Rd7 26. Qa4 Red8 27. Rc8 Qf4 28. Rxd8+ Rxd8 29. Rc4 Qxh2 30. Qxa7 Qxg2 31. Qxb6 Qf1+ 0-1


[Site "https://www.chess.com"]

[Event "Titled Tuesday Blitz July 11 Late 2023"]
[White "Kadric, Denis"]
[Black "Sidletskyi, Ivan"]
[WhiteFideId "14403803"]
[BlackFideId "14156024"]
[WhiteElo "2784"]
[BlackElo "2554"]
[Result "1-0"]
[Round "6"]
[TimeControl "180+2"]
[Date "2023.07.11"]
[WhiteClock "0:02:07"]
[BlackClock "0:01:20"]
[Board "36"]

1. e4 e6 2. d3 d5 3. Nd2 Nf6 4. e5 Nfd7 5. f4 c5 6. g3 Nc6 7. Ndf3 b5 8. Bg2 Bb7 9. Nh3 Qb6 10. O-O c4+ 11. d4 b4 12. c3 bxc3 13. bxc3 Qa5 14. Bd2 a6 15. f5 exf5 16. Qb1 Nb6 17. Qxf5 Bc8 18. Qf4 Be6 19. Nfg5 Be7 20. Nxe6 fxe6 21. Qf7+ Kd7 22. Ng5 Nd8 23. Qxg7 Re8 24. Nxh7 Qa4 1-0


[Site "https://www.chess.com"]

[Event "Titled Tuesday Blitz July 11 Late 2023"]
[White "Leitao, Rafael"]
[Black "Ismagilov, Damir"]
[WhiteFideId "2101246"]
[BlackFideId "34199982"]
[WhiteElo "2756"]
[BlackElo "2546"]
[Result "1/2-1/2"]
[Round "6"]
[TimeControl "180+2"]
[Date "2023.07.11"]
[WhiteClock "0:00:16"]
[BlackClock "0:00:32"]
[Board "37"]

1. e4 c5 2. Nf3 g6 3. d4 cxd4 4. Nxd4 Bg7 5. c4 Nc6 6. Be3 Nf6 7. Nc3 Ng4 8. Qxg4 Nxd4 9. Qd1 Ne6 10. Qd2 d6 11. Be2 O-O 12. O-O a5 13. b3 Nc5 14. Rac1 b6 15. f3 Bd7 16. Rfd1 Bc6 17. Bf1 Ra7 18. Nb5 Bxb5 19. cxb5 Rc7 20. Bc4 Qd7 21. Qe2 Rfc8 22. Bd5 Rb8 23. Bc6 Qd8 24. Qf2 Rcc8 25. Rc2 Rc7 26. Rb1 Rcc8 27. a3 h5 28. b4 axb4 29. axb4 Ne6 30. Rbc1 Rc7 31. Kh1 Ra7 32. Bd5 Kh7 33. Rc6 Ra3 34. Bxb6 Qh8 35. Bxe6 fxe6 36. h3 Be5 37. Qh4 Bf6 38. Qf2 Be5 39. Qh4 Bf6 40. Qf2 Be5 1/2-1/2


[Site "https://www.chess.com"]

[Event "Titled Tuesday Blitz July 11 Late 2023"]
[White "Oro, Faustino"]
[Black "Yeritsyan, Hayk"]
[WhiteFideId "20000197"]
[BlackFideId "13307320"]
[WhiteElo "2735"]
[BlackElo "2532"]
[Result "1-0"]
[Round "6"]
[TimeControl "180+2"]
[Date "2023.07.11"]
[WhiteClock "0:00:07"]
[BlackClock "0:00:00"]
[Board "38"]

1. Nf3 d5 2. e3 Nf6 3. b3 Bf5 4. Bb2 e6 5. Be2 h6 6. O-O Be7 7. d4 O-O 8. Bd3 Bxd3 9. Qxd3 c6 10. Nbd2 Nbd7 11. c4 Re8 12. e4 Nxe4 13. Nxe4 dxe4 14. Qxe4 Bf6 15. Rad1 Qc7 16. Rfe1 Rad8 17. Qc2 Nf8 18. Bc1 Ng6 19. Be3 Ne7 20. Qe4 Nf5 21. Bf4 Qa5 22. Re2 Ne7 23. h3 Qf5 24. Qe3 Qa5 25. Red2 Rd7 26. Be5 Nf5 27. Qf4 Bxe5 28. Nxe5 Rdd8 29. g4 f6 30. gxf5 fxe5 31. dxe5 Rxd2 32. Rxd2 exf5 33. Re2 Rf8 34. e6 Qc5 35. Re5 Qd6 36. c5 Qd1+ 37. Kh2 Qc2 38. h4 Kh7 39. b4 Kg8 40. a4 Qxa4 41. e7 Re8 42. Qxf5 Qxb4 43. Qe6+ Kh7 44. Qf7 1-0


[Site "https://www.chess.com"]

[Event "Titled Tuesday Blitz July 11 Late 2023"]
[White "Taboas Rodriguez, Daniel"]
[Black "Jarovinsky, Alexey"]
[WhiteFideId "2208466"]
[BlackFideId "14115131"]
[WhiteElo "2517"]
[BlackElo "2720"]
[Result "1/2-1/2"]
[Round "6"]
[TimeControl "180+2"]
[Date "2023.07.11"]
[WhiteClock "0:00:05"]
[BlackClock "0:00:02"]
[Board "39"]

1. d4 Nc6 2. Nf3 d6 3. d5 Ne5 4. Nxe5 dxe5 5. e4 Nf6 6. Nc3 e6 7. Bb5+ Bd7 8. dxe6 Bxb5 9. Qxd8+ Rxd8 10. Nxb5 Nxe4 11. Nxc7+ Ke7 12. exf7 Kxf7 13. f3 Nf6 14. Nb5 Bc5 15. Nc3 Rhe8 16. Ke2 e4 17. Bg5 exf3+ 18. Kxf3 Re5 19. Bf4 Re6 20. Rhe1 Rc6 21. Rad1 Rxd1 22. Rxd1 Bb4 23. Be5 Re6 24. Bxf6 Rxf6+ 25. Ke2 Bxc3 26. bxc3 Re6+ 27. Kf2 Re7 28. Rd4 Rc7 29. c4 Ke6 30. Ke3 Rc5 31. Re4+ Kf6 32. Rf4+ Ke6 33. c3 Ra5 34. Rf2 Ra4 35. Kd4 b5 36. Kc5 Rxc4+ 37. Kxb5 Rxc3 38. a4 Ra3 39. a5 g5 40. Rc2 h5 41. Rc7 Ra2 42. g3 Rxh2 43. Rxa7 Ra2 44. a6 Kf5 45. Rc7 Kg4 46. Rc4+ Kxg3 47. Ra4 Rb2+ 48. Rb4 Ra2 49. Ra4 Rb2+ 50. Rb4 Ra2 51. Ra4 1/2-1/2


[Site "https://www.chess.com"]

[Event "Titled Tuesday Blitz July 11 Late 2023"]
[White "Matinian, Nikita"]
[Black "Koc, Przemyslaw"]
[WhiteFideId "24129100"]
[BlackFideId "1109081"]
[WhiteElo "2694"]
[BlackElo "2525"]
[Result "1-0"]
[Round "6"]
[TimeControl "180+2"]
[Date "2023.07.11"]
[WhiteClock "0:00:02"]
[BlackClock "0:00:14"]
[Board "40"]

1. e4 e5 2. Nf3 Nf6 3. d4 Nxe4 4. Bd3 d5 5. Nxe5 Nd7 6. Nc3 Nxe5 7. dxe5 Bf5 8. O-O Be7 9. Re1 O-O 10. Bf4 Nxc3 11. bxc3 Qd7 12. h3 c6 13. g4 Bg6 14. Bg3 Bc5 15. Kg2 d4 16. c4 Rae8 17. f4 f5 18. exf6 gxf6 19. f5 Bf7 20. Qf3 b5 21. Be4 bxc4 22. Bxc6 Qd8 23. Kh2 Re3 24. Rxe3 dxe3 25. Rd1 Qb6 26. Bd5 Re8 27. Bxf7+ Kxf7 28. Rd7+ Re7 29. Qd5+ Ke8 30. Rxe7+ Kxe7 31. Qxc4 Kd7 32. Qd5+ Kc8 33. Kg2 a5 34. Kf3 Qb5 35. Qa8+ Kd7 36. Qd5+ Kc8 37. c4 Qb4 38. Qc6+ Kd8 39. Bc7+ Ke7 40. Qe6+ Kf8 41. Qxf6+ Ke8 42. Qe6+ Kf8 43. Qf6+ Ke8 44. Qc6+ Kf8 45. Bf4 Qc3 46. Bh6+ Kf7 47. Qe6# 1-0


[Site "https://www.chess.com"]

[Event "Titled Tuesday Blitz July 11 Late 2023"]
[White "Lavrik, Dmitry"]
[Black "Andreassen, Lars"]
[WhiteFideId "24113190"]
[BlackFideId "1504878"]
[WhiteElo "2692"]
[BlackElo "2408"]
[Result "1-0"]
[Round "6"]
[TimeControl "180+2"]
[Date "2023.07.11"]
[WhiteClock "0:00:39"]
[BlackClock "0:00:00"]
[Board "41"]

1. Nf3 d5 2. g3 e6 3. Bg2 Nf6 4. O-O Be7 5. d3 O-O 6. Nbd2 c5 7. e4 Nc6 8. Re1 b6 9. e5 Ne8 10. Nf1 Bb7 11. h4 h6 12. N1h2 Qc7 13. Ng4 d4 14. Bf4 Kh7 15. Qd2 h5 16. Nf6+ Kh8 17. Nxh5 Qd8 18. Ng5 g6 19. Qe2 Na5 20. Bxb7 Nxb7 21. Qf3 Qd5 22. Re4 Nd8 23. Bd2 Kg8 24. Nf4 Qd7 25. Nfh3 Rc8 26. h5 Ng7 27. g4 Rc6 28. Rae1 b5 29. Rf4 c4 30. Ne4 cxd3 31. cxd3 Rc2 32. Bb4 Rxb2 33. Bxe7 Qxe7 34. Nf6+ Kh8 35. Ng5 gxh5 36. Kg2 1-0


[Site "https://www.chess.com"]

[Event "Titled Tuesday Blitz July 11 Late 2023"]
[White "Stachanczyk, Jacek"]
[Black "Bolourchifard, Farzad"]
[WhiteFideId "1116657"]
[BlackFideId "12510084"]
[WhiteElo "2389"]
[BlackElo "2671"]
[Result "0-1"]
[Round "6"]
[TimeControl "180+2"]
[Date "2023.07.11"]
[WhiteClock "0:00:23"]
[BlackClock "0:01:50"]
[Board "42"]

1. e4 e5 2. Nf3 Nc6 3. Bb5 a6 4. Ba4 Nf6 5. O-O b5 6. Bb3 Bc5 7. c3 d6 8. d4 Bb6 9. Be3 Bg4 10. h3 exd4 11. cxd4 Bxf3 12. gxf3 O-O 13. Nc3 Kh8 14. Rc1 Nh5 15. Bd5 Nxd4 16. Bxd4 Nf4 17. Ne2 Qg5+ 18. Ng3 Bxd4 19. Bxa8 Qxg3+ 0-1


[Site "https://www.chess.com"]

[Event "Titled Tuesday Blitz July 11 Late 2023"]
[White "Seletsky, Grigory"]
[Black "Makarian, Rudik"]
[WhiteFideId "14112191"]
[BlackFideId "44105681"]
[WhiteElo "2434"]
[BlackElo "2943"]
[Result "0-1"]
[Round "6"]
[TimeControl "180+2"]
[Date "2023.07.11"]
[WhiteClock "0:00:08"]
[BlackClock "0:00:14"]
[Board "43"]

1. e4 c5 2. Nc3 Nc6 3. d3 g6 4. Be3 d6 5. d4 cxd4 6. Bxd4 Nf6 7. Bxf6 exf6 8. Bc4 Bh6 9. Nge2 O-O 10. O-O Re8 11. Bb3 Kg7 12. Nd4 a6 13. Kh1 Bd7 14. f4 Qb6 15. Nxc6 Bxc6 16. Nd5 Qc5 17. Qd3 Rac8 18. c4 Bxd5 19. cxd5 Qb4 20. Rae1 Bxf4 21. a3 Qd2 22. Qxd2 Bxd2 23. Re2 Rc1 24. Rxc1 Bxc1 25. g4 Bf4 26. Kg2 Be5 27. Rc2 Bd4 28. Kf3 Re7 29. h4 Be5 30. a4 a5 31. Ba2 Bd4 32. b3 Bc5 33. Rc4 b5 34. axb5 Rb7 35. Bb1 Rxb5 36. Bc2 Rb8 37. Ke2 Rh8 38. h5 Kh6 39. Kf3 Kg5 40. Ra4 Bb4 41. Bd3 Rc8 42. Bc4 Bc3 43. Ra2 Rb8 44. Ra4 Re8 45. Ra2 Re7 46. Rc2 Bb4 47. hxg6 fxg6 48. Rh2 Rc7 49. Ra2 Rc8 50. Ra1 Rh8 51. Rh1 Bc3 52. Rc1 Be5 53. Rh1 h6 54. Bb5 Rb8 55. Bc4 Rb4 56. Rc1 a4 57. bxa4 Rxa4 58. Be2 Ra3+ 59. Kg2 Kf4 60. Rf1+ Kxe4 61. Bf3+ Kf4 62. Be2+ Kg5 63. Bf3 Rd3 64. Rf2 Rd4 65. Re2 f5 66. gxf5 Kxf5 67. Rf2 Kg5 68. Rc2 h5 69. Rc8 Rd2+ 70. Kf1 Kf4 71. Bg2 Ke3 72. Bh3 Rf2+ 73. Kg1 g5 74. Be6 Bh2+ 75. Kh1 Bf4 76. Rh8 Kf3 77. Rxh5 Rf1# 0-1


[Site "https://www.chess.com"]

[Event "Titled Tuesday Blitz July 11 Late 2023"]
[White "MFatigue"]
[Black "Krzyzanowski, Marcin"]
[BlackFideId "1132199"]
[WhiteElo "2536"]
[BlackElo "2781"]
[Result "1-0"]
[Round "6"]
[TimeControl "180+2"]
[Date "2023.07.11"]
[WhiteClock "0:00:06"]
[BlackClock "0:00:04"]
[Board "44"]

1. e4 c5 2. a3 d5 3. exd5 Qxd5 4. Nc3 Qd8 5. Nf3 Nc6 6. Bb5 Bd7 7. d4 cxd4 8. Nxd4 Nf6 9. O-O g6 10. Be3 Bg7 11. Qd2 O-O 12. Rad1 Nxd4 13. Qxd4 Bxb5 14. Nxb5 Qxd4 15. Bxd4 a6 16. Nc3 Rac8 17. Rfe1 e6 18. Re2 Rc6 19. Red2 Rfc8 20. f3 h5 21. Kf2 b5 22. h4 Kh7 23. Ke2 Rc4 24. Kf2 R4c6 25. g3 a5 26. Nxb5 Rxc2 27. Nd6 Rxd2+ 28. Rxd2 Rf8 29. b4 axb4 30. axb4 Nd5 31. Bxg7 Kxg7 32. Rb2 Rb8 33. b5 Kf8 34. Nc4 Ke7 35. b6 f6 36. b7 Kd7 37. Na5 Ne7 38. Ke3 Nc6 39. Nxc6 Kxc6 40. g4 hxg4 41. fxg4 f5 42. h5 gxh5 43. gxh5 e5 44. h6 f4+ 45. Ke4 Kd6 46. h7 Kc7 47. Kxe5 f3 48. Kf4 f2 49. Rxf2 Rh8 50. Rh2 Kxb7 51. Kg5 Kc7 52. Kg6 Kd7 53. Kg7 Re8 54. h8=Q Re1 55. Qh3+ Ke8 56. Qh5+ Kd7 57. Qb5+ Ke7 58. Re2+ Kd8 59. Rxe1 Kc7 60. Rc1+ Kd6 61. Qd3+ Ke5 62. Re1+ Kf4 63. Qe4+ Kg3 64. Rg1+ Kh3 65. Qg4+ Kh2 66. Qg3# 1-0


[Site "https://www.chess.com"]

[Event "Titled Tuesday Blitz July 11 Late 2023"]
[White "Morefield, Jason"]
[Black "Francisco Guecamburu, Candela Be"]
[WhiteFideId "30920825"]
[BlackFideId "160911"]
[WhiteElo "2780"]
[BlackElo "2534"]
[Result "0-1"]
[Round "6"]
[TimeControl "180+2"]
[Date "2023.07.11"]
[WhiteClock "0:00:02"]
[BlackClock "0:00:05"]
[Board "45"]

1. a3 Nf6 2. Nf3 d5 3. e3 c5 4. b4 e6 5. bxc5 Bxc5 6. Bb2 Nc6 7. Bb5 Qb6 8. Ba4 Qxb2 9. Nc3 Qb6 10. O-O O-O 11. d4 Bd6 12. Rb1 Qd8 13. Qd3 a6 14. Ne2 b5 15. Bb3 Ne4 16. a4 Rb8 17. axb5 axb5 18. c3 Na5 19. Bc2 Nc4 20. Ra1 Bd7 21. Rfb1 f5 22. g3 Ra8 23. Ne1 Qc7 24. Rxa8 Rxa8 25. f3 Nf6 26. Bb3 Ra3 27. Nc2 Ra8 28. Kg2 Qd8 29. Qd1 Na3 30. Nxa3 Rxa3 31. Nc1 Qa5 32. Qc2 Ra1 33. Rb2 Ba3 34. Ra2 Rxa2 35. Bxa2 Bxc1 36. Qxc1 Qxa2+ 37. Kg1 Ne8 38. e4 dxe4 39. fxe4 Nd6 40. Qf4 Nxe4 41. Kh1 Qb1+ 42. Kg2 Qb2+ 43. Kh3 Qxc3 44. Qb8+ Kf7 45. Qf4 Qd2 46. Qc7 Nf2+ 47. Kg2 Ng4+ 48. Kf3 Qf2# 0-1


[Site "https://www.chess.com"]

[Event "Titled Tuesday Blitz July 11 Late 2023"]
[White "D`Arruda, Ricardo D."]
[Black "Rozman, Levy"]
[WhiteFideId "100692"]
[BlackFideId "2039877"]
[WhiteElo "2532"]
[BlackElo "2752"]
[Result "0-1"]
[Round "6"]
[TimeControl "180+2"]
[Date "2023.07.11"]
[WhiteClock "0:00:28"]
[BlackClock "0:00:05"]
[Board "46"]

1. d4 f5 2. g3 Nf6 3. Bg2 g6 4. Nf3 Bg7 5. O-O O-O 6. c4 d6 7. Nc3 Nc6 8. d5 Na5 9. Qd3 c5 10. Ng5 a6 11. Bd2 Rb8 12. Ne6 Bxe6 13. dxe6 Nc6 14. Nd5 Ng4 15. Bc3 Nge5 16. Qc2 Qc8 17. Nb6 Qc7 18. Nd5 Qc8 19. b3 b5 20. f4 Ng4 21. Bxg7 Kxg7 22. Qc3+ Nf6 23. e3 b4 24. Qb2 a5 25. Nxf6 Rxf6 26. Bd5 Nd8 27. e4 fxe4 28. f5 g5 29. Bxe4 Nc6 30. Bxc6 Qxc6 31. Qg2 Qxg2+ 32. Kxg2 Rff8 33. g4 Kf6 34. a4 bxa3 35. Rxa3 h5 36. h3 hxg4 37. hxg4 Rh8 38. Rh1 Rxh1 39. Kxh1 Ke5 40. Kg2 Kf4 41. Rxa5 Kxg4 42. Ra7 Kxf5 43. Rxe7 Rxb3 44. Re8 Re3 45. e7 Kg4 46. Kf2 Re6 47. Rd8 Rxe7 48. Rxd6 Re4 0-1


[Site "https://www.chess.com"]

[Event "Titled Tuesday Blitz July 11 Late 2023"]
[White "Jovic, Stanoje"]
[Black "Fantastic_Power"]
[WhiteFideId "905020"]
[WhiteElo "2528"]
[BlackElo "2738"]
[Result "0-1"]
[Round "6"]
[TimeControl "180+2"]
[Date "2023.07.11"]
[WhiteClock "0:00:00"]
[BlackClock "0:00:43"]
[Board "47"]

1. c4 Nf6 2. g3 e5 3. Bg2 Bc5 4. Nc3 Nc6 5. Nf3 d6 6. h3 a6 7. O-O O-O 8. e3 Ba7 9. d4 Qe7 10. b3 Bf5 11. Bb2 h6 12. Rc1 e4 13. Nd2 Rfe8 14. a3 h5 15. b4 Nd8 16. Nb3 Ne6 17. Nd5 Nxd5 18. cxd5 Ng5 19. Qxh5 g6 20. Qh4 Kg7 21. g4 Nf3+ 22. Bxf3 Qxh4 23. Bg2 Bd7 24. Rxc7 Bb5 25. Rfc1 Re7 26. Nd2 Rxc7 27. Rxc7 Qd8 28. Rc3 f5 29. f3 Rc8 30. fxe4 Rxc3 31. Bxc3 Qc8 0-1


[Site "https://www.chess.com"]

[Event "Titled Tuesday Blitz July 11 Late 2023"]
[White "caropawn10"]
[Black "Chor, Kevin"]
[BlackFideId "2090740"]
[WhiteElo "2703"]
[BlackElo "2526"]
[Result "0-1"]
[Round "6"]
[TimeControl "180+2"]
[Date "2023.07.11"]
[WhiteClock "0:00:04"]
[BlackClock "0:00:04"]
[Board "48"]

1. c4 c5 2. Nc3 Nf6 3. g3 g6 4. Bg2 Bg7 5. e4 O-O 6. Nge2 Nc6 7. d3 d6 8. O-O Rb8 9. h3 a6 10. a4 Ne8 11. Be3 Nd4 12. Rc1 Nc7 13. f4 b5 14. axb5 axb5 15. cxb5 Ncxb5 16. Nxb5 Rxb5 17. Bxd4 cxd4 18. Qd2 Qb6 19. Rc2 Bd7 20. Rfc1 Rb8 21. Kf1 Rxb2 22. Rxb2 Qxb2 23. Qxb2 Rxb2 24. Rc7 Bb5 25. Rc8+ Bf8 26. Nxd4 Bxd3+ 27. Kg1 Kg7 28. e5 dxe5 29. fxe5 e6 30. Rc7 Rb6 31. Kh2 Ba3 32. Nc6 Bb2 33. Nd8 Bxe5 34. Rxf7+ Kg8 35. Rf2 Bf5 36. Re2 Bc7 37. Nc6 Rb3 38. Ne5 Kg7 39. Bh1 h5 40. h4 Kf6 41. Nd7+ Ke7 42. Ne5 Rb5 43. Nf3 Bg4 44. Rc2 Bd6 45. Nd4 Rb1 46. Bg2 e5 47. Nc6+ Ke6 48. Rd2 Bc5 49. Bd5+ Kf6 50. Rc2 Bg1+ 51. Kg2 Be3 52. Be4 Bf5 53. Bxf5 gxf5 54. Na5 Rg1+ 55. Kh2 Ra1 56. Nc4 Bd4 57. Kg2 e4 58. Re2 Rc1 59. Nd2 Ke5 60. Nf3+ Kd5 61. Ng5 Rg1+ 62. Kh2 Rf1 63. Nh3 Kc4 64. Kg2 Rd1 65. Rc2+ Kd3 66. Ra2 Be3 67. Ra3+ Ke2 68. Ra2+ Rd2 69. Ra4 Ke1+ 70. Kh1 Bd4 71. Nf4 e3 72. Ng2+ Kf2 73. Kh2 Kf3 74. Kh3 e2 75. Ra1 Kf2 76. Re1 Rd1 77. Rxe2+ Kxe2 78. Nf4+ Kf3 79. Nxh5 Rh1# 0-1


[Site "https://www.chess.com"]

[Event "Titled Tuesday Blitz July 11 Late 2023"]
[White "2KRK1"]
[Black "Vovk, Orest"]
[BlackFideId "14113490"]
[WhiteElo "2682"]
[BlackElo "2526"]
[Result "1-0"]
[Round "6"]
[TimeControl "180+2"]
[Date "2023.07.11"]
[WhiteClock "0:00:10"]
[BlackClock "0:00:00"]
[Board "49"]

1. Nf3 h6 2. b3 Nf6 3. Bb2 Rg8 4. e3 g5 5. h3 d5 6. c4 g4 7. hxg4 Bxg4 8. Nc3 Nc6 9. d4 dxc4 10. Bxc4 e6 11. Qe2 Bb4 12. O-O-O Nd5 13. Ne4 h5 14. a3 Be7 15. Nc5 Bxc5 16. dxc5 Qe7 17. b4 O-O-O 18. Qc2 Bxf3 19. gxf3 Rg2 20. Qe2 h4 21. f4 Nf6 22. Rxd8+ Qxd8 23. Qf3 h3 24. Bf1 Rg8 25. Bxh3 Nd5 26. Rd1 f5 27. Bxf5 exf5 28. Qxd5 Qe7 29. Qxg8+ 1-0


[Site "https://www.chess.com"]